 Dungeon Crawl Stone Soup version 0.30-a0-134-gb40fab5c76 (webtiles) character file.

Game seed: 8068585108109344523

213 Flugkiller the Chiller (level 6, -4/45 HPs)
             Began as a Meteoran Ice Elementalist on Sept 19, 2022.
             Killed from afar by a white imp (9 damage)
             ... with a puff of frost
             ... on level 4 of the Dungeon.
             The game lasted 00:03:39 (797 turns).

Flugkiller the Chiller (Meteoran Ice Elementalist)   Turns: 797, Time: 00:03:40

Health: -4/45      AC:  4    Str: 10    XL:     6   Next: 37%
Magic:  15/15      EV: 12    Int: 19    God:
Gold:   103        SH:  0    Dex: 14    Spells: 11/15 levels left

rFire   . . .      SeeInvis .    b - +0 short sword
rCold   . . .      Faith    +    (no shield)
rNeg    . . .      Spirit   .    a - +0 robe
rPois   .          Reflect  .    h - +0 helmet
rElec   .          Harm     .    j - +0 cloak
rCorr   .          Rampage  .    (no gloves)
Will    .....                    (no boots)
Stlth   +.........               d - amulet of faith
HPRegen 0.15/turn                c - ring of wizardry
MPRegen 0.14/turn                (no ring)

@: glowing
A: sense surroundings 1, otherworldly, glowing, explore regen
a: no special abilities


You were on level 4 of the Dungeon.
You visited 1 branch of the dungeon, and saw 4 of its levels.

You collected 103 gold pieces.

Inventory:

Hand Weapons
 b - a +0 short sword (weapon)
   (You took it off a kobold on level 1 of the Dungeon)
Armour
 a - a +0 robe (worn)
 h - a +0 helmet (worn)
   (You found it on level 1 of the Dungeon)
 j - a +0 cloak (worn)
   (You found it on level 2 of the Dungeon)
Jewellery
 c - a ring of wizardry (left hand)
   (You found it on level 1 of the Dungeon)
 d - an amulet of faith (around neck)
   (You found it on level 1 of the Dungeon)
Scrolls
 e - 2 scrolls of fog
 f - 2 scrolls of immolation {unknown}
 g - 2 scrolls of identify {unknown}
 i - a scroll of enchant weapon {unknown}
 k - a scroll of teleportation {unknown}
 l - a scroll of noise {unknown}


   Skills:
 - Level 2.4 Dodging
 - Level 1.4 Stealth
 + Level 5.4 Spellcasting
 + Level 6.2 Ice Magic


You had 11 spell levels left.
You knew the following spells:

 Your Spells              Type           Power      Damage    Failure   Level
a - Freeze                Ice            100%       1d11      1%          1
b - Frozen Ramparts       Ice            56%        1d9       1%          3

Your spell library contained the following spells:

 Spells                   Type           Power      Damage    Failure   Level
 Ozocubu's Armour         Ice            28%        N/A       1%          3
 Summon Small Mammal      Summ           20%        N/A       4%          1
 Hailstorm                Conj/Ice       17%        3d6       13%         4
 Call Canine Familiar     Summ           5%         N/A       14%         3
 Summon Guardian Golem    Hex/Summ       5%         N/A       14%         3


Dungeon Overview and Level Annotations

Branches:
Dungeon (4/15) Zot: 1600
 Temple: D:4-7

Altars:


Innate Abilities, Weirdness & Mutations

You passively map a small area around you.
You are easily found by Zot.
You glow in the dark.
You regain HP and MP as you explore.


Message History

The black bear bites you but does no damage.
The black bear claws you.
The black bear claws you but does no damage.
Casting: Frozen Ramparts (safe; 1% risk of failure)
Confirm with . or Enter, or press ? or * to list all spells.
Aiming: Freeze (safe; 1% risk of failure)
Press: ? - help, Shift-Dir - straight line, f - black bear
Aim: a black bear (moderately wounded)
You freeze the black bear!
The black bear is severely wounded.
The wall freezes the black bear.
The black bear bites you! The black bear claws you.
The black bear closely misses you.
Casting: Freeze (safe; 1% risk of failure)
Confirm with . or Enter, or press ? or * to list all spells.
Aiming: Freeze (safe; 1% risk of failure)
Press: ? - help, Shift-Dir - straight line, f/p - black bear
Aim: a black bear (almost dead)
You freeze the black bear!
You kill the black bear!
Your Spellcasting skill increases to level 5!
Your Ice Magic skill increases to level 6!
You have reached level 6!
You feel stronger.
The frozen ramparts melt away as you move.
A white imp comes into view.
Found 10 gold pieces.
The white imp shouts!
You aren't carrying any items that you can evoke.
Unknown command.
You hit the white imp but do no damage.
The white imp hits you but does no damage.
You barely miss the white imp. The white imp closely misses you.
You hit the white imp but do no damage. The white imp closely misses you.
You closely miss the white imp. The white imp gestures at you.
The puff of frost hits you.
You hit the white imp but do no damage. The white imp closely misses you.
You hit the white imp.
The white imp is lightly wounded.
The white imp hits you but does no damage.
You hit the white imp but do no damage.
The white imp is lightly wounded.
The white imp hits you but does no damage.
You closely miss the white imp.
The white imp is lightly wounded.
The white imp barely misses you.
You barely miss the white imp. Your punch misses the white imp.
The white imp is lightly wounded.
The white imp misses you.
You hit the white imp.
The white imp is moderately wounded.
The white imp gestures at you. The puff of frost hits you!
You hit the white imp.
The white imp is severely wounded.
The white imp closely misses you.
You barely miss the white imp.
The white imp is severely wounded.
The white imp gestures at you. The puff of frost hits you.
You barely miss the white imp.
The white imp is severely wounded.
The white imp sputters.
The white imp hits you but does no damage.
You hit the white imp.
The white imp is severely wounded.
The white imp gestures at you. The puff of frost hits you!
You hit the white imp but do no damage.
The white imp is severely wounded.
The white imp hits you. The white imp freezes you.
You hit the white imp but do no damage.
The white imp is severely wounded.
The white imp gestures at you. The puff of frost hits you!
* * * LOW HITPOINT WARNING * * *
It was a potion of curing.
You feel better. The white imp gestures at you. The puff of frost hits you!
* * * LOW HITPOINT WARNING * * *
As you read the scroll labelled ATTEAFOALLA, it crumbles to dust.
The scroll dissolves into smoke.
It was a scroll of fog.
The white imp gestures at you. The puff of frost hits you.
* * * LOW HITPOINT WARNING * * *
You closely miss the white imp.
The white imp is severely wounded.
The white imp gestures at you. The puff of frost misses you.
You closely miss the white imp.
The white imp is severely wounded.
The white imp hits you but does no damage.
You hit the white imp but do no damage.
The white imp is severely wounded.
The white imp hits you but does no damage.
You hit the white imp but do no damage.
The white imp is severely wounded.
The white imp gestures at you. The puff of frost hits you!
You die...

##.....## ######
###..PPP..####....#
#....PPP.......<..#
* ,
...P....P..###....#
....P.8..P.#......#
...PP...PP...######
, , ....P§§§P§..##
, .....P§P§§..#
..#.§5@§§>##
..$..§###### ,
..... * * , ..## .
* , * *, * *


You could see a white imp.

Vanquished Creatures
  A black bear (D:4)
  A scorpion (D:3)
  2 adders
  2 dart slugs
  4 bats
  4 endoplasms
  3 giant cockroaches (D:2)
  2 hobgoblins
  5 jackals
  4 kobolds
  4 quokkas
  3 ball pythons
  A frilled lizard (D:3)
  3 goblins
  2 rats
41 creatures vanquished.

Notes
Turn   | Place    | Note
-------+----------+-------------------------------------------
     0 | D:1      | Flugkiller the Meteoran Ice Elementalist began the quest
                  | for the Orb.
     0 | D:1      | Reached XP level 1. HP: 14/14 MP: 5/5
    37 | D:1      | Reached XP level 2. HP: 9/20 MP: 2/7
   244 | D:2      | Reached XP level 3. HP: 25/26 MP: 5/8
   269 | D:2      | Learned a level 3 spell: Frozen Ramparts
   340 | D:2      | Reached skill level 5 in Ice Magic
   374 | D:2      | Reached XP level 4. HP: 22/33 MP: 1/10
   681 | D:3      | Found a faded altar of an unknown god.
   681 | D:3      | Noticed a scorpion
   688 | D:3      | Killed a scorpion
   689 | D:3      | Reached XP level 5. HP: 37/38 MP: 3/13
   763 | D:4      | Noticed a black bear
   766 | D:4      | Killed a black bear
   767 | D:4      | Reached skill level 5 in Spellcasting
   767 | D:4      | Reached skill level 6 in Ice Magic
   767 | D:4      | Reached XP level 6. HP: 34/45 MP: 9/15
   797 | D:4      | Killed from afar by a white imp

Illustrated notes

Levels and vault maps discovered:
D:1:      evilmike_arrival_plus, layout_basic
D:2:      layout_loops_ring, minivault_23
D:3:      layout_basic, hellmonk_ecumenical_altar_pennies_from_heaven
D:4:      nicolae_cairo_tiling, layout_rooms, dreamdust_mushroom_princess,
          chequers_arboretum, solitary_fountain

Skill      XL: |  1  2  3  4  5 |
---------------+----------------+-----
Spellcasting   | 3 4 5 |  5.4
Ice Magic      | 5 6 |  6.2
Dodging        | |  2.4
Stealth        | |  1.4

Action                   |  1- 3 |  4- 6 || total
-------------------------+-------+-------++-------
Melee: Short sword       |     4 |    29 ||    33
       Unarmed           |     1 |       ||     1
 Cast: Freeze            |    35 |    13 ||    48
       Frozen Ramparts   |     1 |     8 ||     9
  Use: Potion            |     1 |     1 ||     2
       Scroll            |       |     1 ||     1
Armor: Robe              |     8 |    16 ||    24
Dodge: Dodged            |    14 |    24 ||    38

Table legend: (Time is in decaauts)
 A = Elapsed time spent in this place.
 B = Non-inter-level travel time spent in this place.
 C = Inter-level travel time spent in this place.
 D = Time resting spent in this place.
 E = Time spent auto-exploring this place.
 F = Levels seen in this place.
 G = Mean time per level.
                   A        B        C        D        E       F      G
               +--------+--------+--------+--------+--------+-----+--------+
         Total |    798 |    776 |     22 |      0 |      0 |   4 |  199.5 |
       Dungeon |    798 |    776 |     22 |      0 |      0 |   4 |  199.5 |
               +--------+--------+--------+--------+--------+-----+--------+

Top non-repeatable levels by time:
     D:3: 321 daAuts
     D:1: 271 daAuts
     D:2: 171 daAuts
     D:4: 33 daAuts
